 Dungeon Crawl Stone Soup version 0.28.0-53-g5a82cb258f (webtiles) character file.

Game seed: 12495999328524045029

45 SanguineChosen the Chopper (level 3, 4/33 HPs)
             Began as a Hill Orc Monk on June 28, 2022.
             Quit the game on level 2 of the Dungeon.
             The game lasted 00:04:58 (1745 turns).

SanguineChosen the Chopper (Hill Orc Monk)          Turns: 1745, Time: 00:04:58

Health: 4/33       AC:  2    Str: 13    XL:     3   Next: 64%
Magic:  3/3        EV: 13    Int: 10    God:
Gold:   46         SH:  0    Dex: 15    Spells: 2/2 levels left

rFire   . . .      SeeInvis .   a - +0 hand axe
rCold   . . .      Faith    .   (no shield)
rNeg    . . .      Spirit   .   b - +0 robe
rPois   .          Reflect  .   (no helmet)
rElec   .          Harm     .   (no cloak)
rCorr   +          Rampage  .   (no gloves)
Will    .....                   (no boots)
Stlth   ++........              (no amulet)
HPRegen 0.11/turn               e - ring of resist corrosion
MPRegen 0.08/turn               (no ring)

@: lethally poisoned (4 -> -4)
A: no striking features
a: no special abilities


You were on level 2 of the Dungeon.
You visited 1 branch of the dungeon, and saw 2 of its levels.

You collected 46 gold pieces.

Inventory:

Hand Weapons
 a - a +0 hand axe (weapon)
Armour
 b - a +0 robe (worn)
Magical Staves
 c - a staff of conjuration
Jewellery
 e - a ring of resist corrosion (left hand)
Scrolls
 f - a scroll of vulnerability {unknown}
 h - a scroll of amnesia {unknown}
 i - a scroll of teleportation {unknown}
Potions
 g - a potion of might {unknown}


   Skills:
 + Level 4.2 Fighting
 + Level 4.8 Axes
 + Level 2.8 Dodging
 + Level 1.7 Stealth


You had 2 spell levels left.
You didn't know any spells.
Your spell library was empty.

Dungeon Overview and Level Annotations

Branches:
Dungeon (2/15)

Altars:

Annotations:
D:2 Sigmund


Message History

You barely miss something. The orc barely misses you.
You closely miss the orc.
The orc is severely wounded.
You hit something but do no damage. The orc hits you with a +0 mace!
* * * LOW HITPOINT WARNING * * *
An adder comes into view.
The orc hits you with a +0 mace.
* * * LOW HITPOINT WARNING * * *
You feel much better.
The adder hisses angrily.
You hear some strange, mumbled words.
A puff of flame appears from out of thin air!
The puff of flame hits something!
Something hits you. The orc hits you with a +0 mace!
You barely miss something. You hit the orc. The orc barely misses you.
You hit the orc but do no damage.
The orc is almost dead.
You hit the orc.
You kill the orc!
Something hits you. The orc closely misses you.
You hit the orc.
You kill the orc!
You hit the adder but do no damage. The adder bites you.
You are poisoned.
The adder poisons you! Something hits you!
You closely miss the adder. You hit the quokka but do no damage.
You feel sick. The adder misses you.
The quokka twitches its whiskers.
The quokka completely misses you. The adder bites you.
* * * LOW HITPOINT WARNING * * *
You are lethally poisoned!
The adder poisons you! The quokka barely misses you.
You barely miss the adder. You hit the quokka.
* * * LOW HITPOINT WARNING * * *
You feel sick.
An orc wizard appears from thin air!
Reactivating autopickup.
The adder closely misses you. Something hits you.
* * * LOW HITPOINT WARNING * * *
Deactivating autopickup; reactivate with Ctrl-A.
Something barely misses the orc wizard.
The quokka misses you.
Are you sure you want to abandon this character and quit the game? (Confirm with "yes".)

.............##...####
#............#...#
#............#..##
#............#(># .
#..........#...#
....##...#...{...#.#
#......†...o.###.#
......#....##S## #.#
..### #....##@# #.#
....##.##r# ..
#.........K. ..
#.......#.... ..
###...........
..#######.... #....
.....


You could see an orc wizard, an adder, a quokka and a kobold.

Vanquished Creatures
  A worm (D:2)
  3 dart slugs (D:1)
  3 orcs (D:2)
  3 ball pythons (D:1)
  2 bats (D:1)
  An endoplasm (D:2)
  2 goblins (D:1)
  6 hobgoblins
  2 frilled lizards
  6 kobolds
  3 rats (D:1)
32 creatures vanquished.

Notes
Turn   | Place    | Note
-------+----------+-------------------------------------------
     0 | D:1      | SanguineChosen the Hill Orc Monk began the quest for the
                  | Orb.
     0 | D:1      | Reached XP level 1. HP: 19/19 MP: 1/1
   189 | D:1      | Reached XP level 2. HP: 6/27 MP: 2/2
   452 | D:1      | Found a faded altar of an unknown god.
  1017 | D:1      | Reached XP level 3. HP: 25/33 MP: 3/3
  1734 | D:2      | Noticed Sigmund
  1745 | D:2      | Quit the game

Illustrated notes

Levels and vault maps discovered:
D:1:      dpeg_arrival_line_fractal, layout_basic,
          hellmonk_ecumenical_altar_blasted
D:2:      layout_rooms, hangedman_abyss_or_decor_lesser_grid, uniq_sigmund,
          uniq_jessica, uniq_natasha

Skill      XL: |  1  2 |
---------------+-------+-----
Fighting       | 4 |  4.2
Axes           | |  4.8
Dodging        | |  2.8
Stealth        | |  1.7

Action                   || total
-------------------------++-------
Melee: Hand axe          ||   121
       Punch             ||     2
  Use: Potion            ||     2
 Stab: Sleeping          ||     4
Armor: Robe              ||    24
Dodge: Dodged            ||    74
